 Dungeon Crawl Stone Soup version 0.26-a0-610-g3e9335bbc7 (webtiles) character file.

Game seed: 6650441470069783156

2302 Peloso the Blocker (level 9, 0/77 HPs)
             Began as a Minotaur Fighter on Sept 4, 2020.
             Was a Believer of Okawaru.
             Killed by divine providence
             ... invoked by an orc priest
              (11 damage)
             ... on level 7 of the Dungeon.
             The game lasted 00:11:55 (6045 turns).

Peloso the Blocker (Minotaur Fighter)               Turns: 6045, Time: 00:11:56

Health: 0/77       AC: 13    Str: 23    XL:     9   Next: 17%
Magic:  8/8        EV:  8    Int:  5    God:    Okawaru [**....]
Gold:   484        SH: 18    Dex: 11    Spells: 8/8 levels left

rFire    . . .     SeeInvis .   a - +0 long sword
rCold    . . .     Faith    .   c - +1 kite shield
rNeg     . . .     Spirit   .   z - +0 chain mail
rPois    .         Reflect  +   (helmet restricted)
rElec    .         Harm     .   n - +0 cloak
rCorr    .                      (no gloves)
MR       .....                  x - +0 pair of boots
Stlth    ..........             e - amulet of reflection
HPRegen  0.22/turn              (no ring)
MPRegen  0.11/turn              (no ring)

@: no status effects
A: retaliatory headbutt, horns 2
a: Heroism, Renounce Religion


You were on level 7 of the Dungeon.
You worshipped Okawaru.
Okawaru was pleased with you.
You visited 1 branch of the dungeon, and saw 7 of its levels.

You collected 484 gold pieces.

Inventory:

Hand Weapons
 a - a +0 long sword (weapon)
 b - a +1 whip of electrocution
Missiles
 h - 32 bolts
Armour
 c - a +1 kite shield (worn)
 n - a +0 cloak (worn)
 r - a +0 scale mail
 x - a +0 pair of boots (worn)
 z - a +0 chain mail (worn)
Jewellery
 e - an amulet of reflection (around neck)
Wands
 p - a wand of flame (32)
 u - a wand of random effects (20)
 v - a wand of paralysis (8)
Scrolls
 f - a scroll of identify
 g - a scroll of summoning {unknown}
 i - 4 scrolls of enchant armour
 j - 2 scrolls of random uselessness {unknown}
 l - 3 scrolls of fog
 q - 7 scrolls of teleportation {unknown}
 t - a scroll of remove curse {unknown}
 y - 2 scrolls of magic mapping {unknown}
 A - a scroll of enchant weapon {unknown}
 B - a scroll of amnesia {unknown}
 E - a scroll of noise {unknown}
Potions
 d - a potion of might
 k - 4 potions of curing
 m - 4 potions of brilliance
 o - a potion of magic
 s - a potion of haste
 w - a potion of flight
 C - a potion of heal wounds
 D - a potion of berserk rage


   Skills:
 + Level 6.3 Fighting
 + Level 8.6 Long Blades
 + Level 6.7 Armour
 + Level 2.8 Dodging
 + Level 1.1 Stealth
 + Level 9.2 Shields
 + Level 0.1 Evocations


You had 8 spell levels left.
You didn't know any spells.
Your spell library contained the following spells:

 Spells                   Type           Power        Failure   Level
 Foxfire                  Conj/Fire      #...         100%        1
 Conjure Flame            Conj/Fire      #.......     100%        3
 Inner Flame              Hex/Fire       #.......     100%        3
 Sticky Flame             Conj/Fire      #.......     100%        4
 Fireball                 Conj/Fire      #.........   100%        5


Dungeon Overview and Level Annotations

Branches:
Dungeon (7/15)             Temple (0/1) D:7

Altars:
Fedhas
Hepliaklqana
Kikubaaqudgha
Makhleb
Okawaru
Qazlal
Sif Muna
Vehumet

Annotations:
D:4 1 runed translucent door, Rosaphim's ghost, novice GrFi


Innate Abilities, Weirdness & Mutations

You reflexively headbutt those who attack you in melee.
You have a pair of horns on your head.


Message History

The orc hits you but does no damage. You block the orc priest's attack.
You block the ogre's attack.
The orc priest invokes the aid of Beogh against you.
Beogh smites you!
Things that are here:
a +0 hand axe; 19 sling bullets Unknown command.
You slash the orc priest! Your headbutt misses the orc priest.
The orc priest is heavily wounded.
The orc hits you but does no damage. You block the orc priest's attack.
You block the ogre's attack. You block the orc's attack.
You hit the orc priest.
You kill the orc priest!
Okawaru accepts your kill.
The orc priest invokes the aid of Beogh against you.
Beogh smites you!
* * * LOW HITPOINT WARNING * * *
The orc priest invokes the aid of Beogh against you.
Beogh smites you!
You die...

........# ##.... ##
........# ##..... ##..
#.......# ##......
###...##........##.....##.
#......$.....# .....#####<
#......# #..## #..
###oo.## #.## #.# ##)O#
#..## ##.# #@##
###...####..#
##o.###............
##.......#####......
....)......# ##.....
./..........# #...>[
.#..........# #.....
##.####....# #..... ##
##.... #..... #....#
#..###.


You could see an ogre, 2 orc priests and an orc.

Vanquished Creatures
  Pikel (D:7)
  Maggie (D:6)
  Grinder (D:6)
  Duvessa (D:4)
  A black bear (D:7)
  2 ogres
  A centaur (D:7)
  Dowan (D:4)
  A scorpion (D:7)
  An electric eel (D:6)
  3 wights (D:6)
  A howler monkey (D:7)
  A quasit (D:7)
  2 jellies
  A hound (D:7)
  An orc wizard (D:3)
  2 orc priests
  Terence (D:2)
  An iguana (D:4)
  3 worker ants
  A killer bee zombie (D:6)
  A hound skeleton (D:4)
  Robin (D:2)
  3 gnolls (D:5)
  10 adders
  A shadow imp (D:7)
  A white imp (D:6)
  3 ufetubi
  An ooze (D:1)
  2 worms
  5 dart slugs
  5 leopard geckos
  10 orcs
  3 giant cockroaches
  5 hobgoblins
  4 jackals
  5 quokkas
  2 ball pythons
  7 bats
  3 frilled lizards
  23 goblins
  5 kobolds
  A leopard gecko zombie (D:5)
  A quokka zombie (D:6)
  7 rats
137 creatures vanquished.

Notes
Turn   | Place    | Note
-------+----------+-------------------------------------------
     0 | D:1      | Peloso the Minotaur Fighter began the quest for the Orb.
     0 | D:1      | Reached XP level 1. HP: 19/19 MP: 0/0
   197 | D:1      | Reached XP level 2. HP: 27/27 MP: 1/1
   266 | D:1      | Reached skill level 4 in Shields
   613 | D:1      | Reached XP level 3. HP: 33/33 MP: 2/2
   995 | D:2      | Found a burning altar of Makhleb.
  1056 | D:2      | Noticed Terence
  1065 | D:2      | Killed Terence
  1065 | D:2      | Reached XP level 4. HP: 39/40 MP: 3/3
  1178 | D:2      | Noticed Robin
  1184 | D:2      | Killed Robin
  1195 | D:2      | Reached skill level 1 in Dodging
  1286 | D:2      | Found a stormy altar of Qazlal.
  1301 | D:2      | Reached skill level 5 in Shields
  1434 | D:2      | You fall into a shaft and drop 2 floors!
  1445 | D:4      | Noticed Dowan
  1483 | D:4      | Killed Dowan
  1483 | D:4      | Reached XP level 5. HP: 44/46 MP: 4/4
  1506 | D:4      | Found a runed translucent door.
  1506 | D:4      | Noticed Duvessa
  1508 | D:4      | Noticed Rosaphim's ghost (novice GrFi)
  1521 | D:4      | HP: 1/46 [Duvessa/+0 short sword (9)]
  1522 | D:4      | Killed Duvessa
  1522 | D:4      | Reached XP level 6. HP: 1/53 MP: 5/5
  2308 | D:4      | Reached skill level 6 in Shields
  2414 | D:2      | Found an iron altar of Okawaru.
  2433 | D:2      | Became a worshipper of Warmaster Okawaru
  2698 | D:3      | Reached skill level 5 in Long Blades
  3279 | D:3      | Found a shimmering blue altar of Sif Muna.
  3402 | D:4      | Found a radiant altar of Vehumet.
  3534 | D:4      | Reached XP level 7. HP: 58/60 MP: 6/6
  3715 | D:5      | Entered Level 5 of the Dungeon
  3810 | D:5      | Reached skill level 5 in Fighting
  3889 | D:5      | Found an ancient bone altar of Kikubaaqudgha.
  4206 | D:5      | Found a blossoming altar of Fedhas.
  4479 | D:6      | Reached skill level 5 in Armour
  4589 | D:6      | Noticed Maggie
  4589 | D:6      | Noticed Grinder
  4631 | D:6      | Killed Maggie
  4631 | D:6      | Reached * piety under Okawaru
  4631 | D:6      | Reached skill level 7 in Shields
  4631 | D:6      | Reached XP level 8. HP: 57/68 MP: 7/7
  4636 | D:6      | Paralysed by Grinder for 7 turns
  4645 | D:6      | Killed Grinder
  4827 | D:6      | Found a hazy altar of Hepliaklqana.
  4947 | D:6      | Reached skill level 8 in Shields
  5347 | D:7      | Found a staircase to the Ecumenical Temple.
  5382 | D:7      | Reached ** piety under Okawaru
  5382 | D:7      | Reached skill level 1 in Stealth
  5614 | D:7      | Noticed Pikel
  5634 | D:7      | Killed Pikel
  5634 | D:7      | Reached XP level 9. HP: 77/77 MP: 8/8
  5733 | D:7      | Reached skill level 9 in Shields
  6045 | D:7      | Killed from afar by an orc priest

Illustrated notes

Levels and vault maps discovered:
D:1:      dpeg_arrival_central, layout_basic
D:2:      layout_rooms, nicolae_overflow_crystal_walls, okawaru_gym_becter,
          bloody_makhleb, uniq_terence, uniq_robin
D:3:      layout_loops_ring, lemuel_blue_sif_altar, kennysheep_nondescript,
          minmay_misc_feat_alley
D:4:      layout_basic, vehumet_altar_wand_db, ebering_ghost_sewer_d,
          uniq_duvessa
D:5:      layout_rooms, fedhas_altar_3, kiku_gazebo_pond_becter
D:6:      layout_rooms, kennysheep_mini, nrook_pool_corridor, uniq_maggie,
          uniq_grinder
D:7:      layout_layer_cave, minmay_temple_entry_offerings, uniq_joseph,
          uniq_pikel

Skill      XL: |  1  2  3  4  5  6  7  8  9 |
---------------+----------------------------+-----
Shields        | 4 5 6 7 8 9 |  9.2
Armour         | 4 5 6 |  6.7
Fighting       | 4 5 6 |  6.3
Long Blades    | 3 4 5 6 8 |  8.6
Dodging        | 1 2 |  2.8
Stealth        | 1 |  1.1
Evocations     | |  0.1

Action                   |  1- 3 |  4- 6 |  7- 9 || total
-------------------------+-------+-------+-------++-------
Melee: Long sword        |    64 |   172 |   175 ||   411
       Headbutt          |    15 |    33 |    38 ||    86
Evoke: Wand              |       |       |     1 ||     1
  Use: Potion            |       |     1 |     1 ||     2
       Scroll            |       |       |    10 ||    10
Armor: Scale mail        |    29 |    34 |     8 ||    71
       Chain mail        |       |       |    47 ||    47
Dodge: Dodged            |    15 |    40 |    26 ||    81
Block: Kite shield       |    50 |   146 |   143 ||   339
       Reflection        |     1 |     4 |     2 ||     7
       Rpst.: Long sword |     3 |    13 |     7 ||    23

Table legend: (Time is in decaauts)
 A = Elapsed time spent in this place.
 B = Non-inter-level travel time spent in this place.
 C = Inter-level travel time spent in this place.
 D = Time resting spent in this place.
 E = Time spent auto-exploring this place.
 F = Levels seen in this place.
 G = Mean time per level.
                   A        B        C        D        E       F      G
               +--------+--------+--------+--------+--------+-----+--------+
         Total |   6135 |   5960 |    175 |    499 |   4140 |   7 |  876.4 |
       Dungeon |   6135 |   5960 |    175 |    499 |   4140 |   7 |  876.4 |
               +--------+--------+--------+--------+--------+-----+--------+

Top non-repeatable levels by time:
     D:4: 1369 daAuts
     D:1: 1013 daAuts
     D:6: 891 daAuts
     D:7: 810 daAuts
     D:3: 780 daAuts
     D:5: 647 daAuts
     D:2: 622 daAuts
